 Dungeon Crawl Stone Soup version 0.28.0-53-g5a82cb258f (webtiles) character file.

Game seed: 1586137110678112289

46 yokelz the Cudgeller (level 3, -3/23 HPs)
             Began as a Gargoyle Fighter on Aug 15, 2022.
             Slain by a hobgoblin (4 damage)
             ... led by Robin
             ... on level 2 of the Dungeon.
             The game lasted 00:01:24 (1141 turns).

yokelz the Cudgeller (Gargoyle Fighter)             Turns: 1141, Time: 00:01:25

Health: -3/23      AC: 10    Str: 19 (21) XL:     3   Next: 66%
Magic:  3/3        EV:  9    Int:  6 (8)  God:
Gold:   41         SH:  4    Dex:  8 (9)  Spells: 2/2 levels left

rFire   . . .      SeeInvis .   a - +0 flail
rCold   . . .      Faith    .   c - +0 buckler
rNeg    + . .      Spirit   .   b - +0 scale mail
rPois   ∞          Reflect  .   (no helmet)
rElec   +          Harm     .   (no cloak)
rCorr   .          Rampage  .   (no gloves)
Will    .....                   (no boots)
Stlth   ..........              (no amulet)
HPRegen 0.07/turn               (no ring)
MPRegen 0.08/turn               (no ring)

@: mighty
A: sickness immunity, AC +3, negative energy resistance 1, electricity
resistance, torment resistance 1, petrification resistance
a: no special abilities


You were on level 2 of the Dungeon.
You visited 1 branch of the dungeon, and saw 2 of its levels.

You collected 41 gold pieces.

Inventory:

Hand Weapons
 a - a +0 flail (weapon)
Armour
 b - a +0 scale mail (worn)
 c - a +0 buckler (worn)
Scrolls
 e - a scroll of vulnerability {unknown}
 f - 2 scrolls of teleportation {unknown}
 g - a scroll of identify {unknown}
Potions
 d - a potion of might
 h - a potion of degeneration


   Skills:
 - Level 3.2 Fighting
 + Level 3.9 Maces & Flails
 - Level 3.2 Armour
 - Level 3.2 Shields


You had 2 spell levels left.
You didn't know any spells.
Your spell library contained the following spells:

 Spells                   Type           Power      Damage    Failure   Level
 Dazzling Flash           Conj/Hex       0%         N/A       99%         3
 Inner Flame              Hex/Fire       0%         N/A       99%         3
 Cause Fear               Hex            0%         N/A       100%        4
 Agony                    Necr           0%         N/A       100%        5
 Silence                  Hex/Air        0%         N/A       100%        5
 Discord                  Hex            0%         N/A       100%        8


Dungeon Overview and Level Annotations

Branches:
Dungeon (2/15)

Altars:

Shops:
D:1 *

Annotations:
D:2 Robin


Innate Abilities, Weirdness & Mutations

You are immune to sickness and miasma.
Your stone body is resilient. (AC +3)
You are immune to poison.
You resist negative energy. (rN+)
You are resistant to electric shocks. (rElec)
You are resistant to unholy torment.
You are immune to petrification.


Message History

Robin of the Strong Arm comes into view.
They are wielding a +0 trident.
The giant cockroach barely misses you. The goblin hits you but does no damage.
The goblin hits you with a +0 club.
* * * LOW HITPOINT WARNING * * *
The goblin hits you but does no damage.
You feel very mighty all of a sudden.
Robin shouts!
The goblin shouts!
The goblin misses you. You block the giant cockroach's attack.
The goblin hits you but does no damage. x4
You bludgeon the goblin!!
You kill the goblin!
The giant cockroach bites you but does no damage.
The goblin hits you but does no damage. The goblin barely misses you.
The goblin hits you but does no damage. The goblin barely misses you.
The giant cockroach bites you but does no damage.
The goblin hits you but does no damage.
You sock the giant cockroach!
You kill the giant cockroach!
The goblin hits you with a +0 dagger.
* * * LOW HITPOINT WARNING * * *
The goblin hits you with a +0 club.
* * * LOW HITPOINT WARNING * * *
The goblin hits you but does no damage. The goblin closely misses you.
The goblin hits you but does no damage. x2; You block the goblin's attack.
Robin roars a battlecry!
The goblins go into a battle-frenzy!
You block the hobgoblin's attack. The goblin hits you but does no damage.
The goblin hits you with a +0 dagger.
* * * LOW HITPOINT WARNING * * *
You see here a +0 dagger.
The hobgoblin hits you but does no damage.
It was a potion of degeneration.
There was something very wrong with that liquid.
You feel weakened.
You feel dopey.
You feel clumsy. The hobgoblin barely misses you.
The goblin hits you but does no damage. Robin throws the goblin at you!
You block the goblin's attack.
Robin says, "Duck!"
The hobgoblin hits you.
You die...

... #### #....##......#
....##..####............#
......).........##......#
........gg..........#.###
......##)....####...#.#
...##.....gg#####.....# .
#####.ggg.....#####
#..g......# #...@.....#
#..#......###
##.#........#
..#........#
#......>.)....##
..............#
...............# #
.............# ...
#.......)....#


You could see Robin, a hobgoblin (strong) and 6 goblins.

Vanquished Creatures
  A hound skeleton (D:2)
  A dart slug (D:1)
  A giant cockroach (D:2)
  7 goblins (D:2)
  A hobgoblin (D:1)
  3 jackals (D:2)
  3 kobolds (D:1)
  A quokka (D:1)
  4 ball pythons
  5 bats
  3 rats
30 creatures vanquished.

Notes
Turn   | Place    | Note
-------+----------+-------------------------------------------
     0 | D:1      | yokelz the Gargoyle Fighter began the quest for the Orb.
     0 | D:1      | Reached XP level 1. HP: 14/14 MP: 1/1
    30 | D:1      | Found Ziyhu's Assorted Antiques.
   172 | D:1      | Reached XP level 2. HP: 17/19 MP: 2/2
   702 | D:1      | Found a faded altar of an unknown god.
   949 | D:2      | Reached XP level 3. HP: 16/23 MP: 3/3
  1131 | D:2      | Noticed Robin
  1135 | D:2      | HP: 1/23 [goblin/+0 dagger[Robin] (2)]
  1141 | D:2      | Slain by a hobgoblin

Illustrated notes

Levels and vault maps discovered:
D:1:      minmay_arrival_shattered_statue, layout_loops_cross, serial_shops,
          nicolae_shop_behind_doors, hellmonk_ecumenical_altar_arch_garden
D:2:      layout_rooms, uniq_robin

Skill      XL: |  1  2 |
---------------+-------+-----
Maces & Flails | 3 |  3.9
Fighting       | |  3.2
Armour         | |  3.2
Shields        | |  3.2

Action                   || total
-------------------------++-------
Melee: Flail             ||    94
  Use: Potion            ||     2
Armor: Scale mail        ||   104
Dodge: Dodged            ||    73
Block: Buckler           ||    31
